 Dungeon Crawl Stone Soup version 0.30-a0-210-g01b79a254e (webtiles) character file.

Game seed: 15747437825303570031

1819141 Flugkiller the Slayer (level 26, 199/199 HPs)
             Began as a Mummy Warper on Oct 4, 2022.
             Was the Champion of Hepliaklqana.
             Escaped with the Orb
             ... and 3 runes!
             The game lasted 02:11:28 (57711 turns).

Flugkiller the Slayer (Mummy Warper)               Turns: 57711, Time: 02:11:28

Health: 199/199    AC: 24    Str: 16      XL:     26   Next: 3%
Magic:  41/41      EV: 23    Int: 25      God:    Hepliaklqana [******]
Gold:   6132       SH: 25    Dex: 18 (21) Spells: 28/43 levels left

rFire   + + .      SeeInvis +    s - +9 rapier of Wyrd {vorpal, Fragile Will+ Str-2 Int+8}
rCold   + + +      Faith    +    y - +5 kite shield {rC+ rF+}
rNeg    + + +      Spirit   +    Z - +4 moon troll leather armour {Spirit, Regen++ MP+5}
rPois   ∞          Reflect  +    P - +2 helmet {SInv}
rElec   .          Harm     .    n - scarf {rC+ rF+}
rCorr   +          Rampage  .    w - +2 pair of gloves of Gual Goo {Int+3 Slay+4}
Will    +++++                    r - +2 pair of boots of the Inviting Gods {Drain rPois SInv Stlth+}
Stlth   +++.......               o - amulet of reflection
HPRegen 2.13/turn                e - ring "Nagueroq" {rC+ Will+ rCorr Slay+5}
MPRegen 0.27/turn                L - ring of Rusiv {rF+ rN+ AC+4 Dex+3}

@: studying Translocations
A: reduced essence, cold resistance 1, negative energy resistance 3, torment
resistance 2, heat vulnerability 1, in touch with death 2, no potions, faith
0: Orb of Zot
}: 3/15 runes: decaying, abyssal, gossamer
a: Renounce Religion, Recall Ancestor, Ancestor Identity, Transference, Idealise


You escaped.
You worshipped Hepliaklqana.
Hepliaklqana was exalted by your worship.
You visited 10 branches of the dungeon, and saw 49 of its levels.
You visited the Abyss 1 time.
You also visited: Bailey, Gauntlet, Ice Cave and Wizlab.

You collected 10140 gold pieces.
You spent 4008 gold pieces at shops.

Inventory:

Hand Weapons
 s - the +9 rapier of Wyrd (weapon) {vorpal, Fragile Will+ Str-2 Int+8}
   (You took it off a centaur on level 5 of the Dungeon)

   It inflicts extra damage upon your enemies.
   Str:       It affects your strength (-2).
   Int:       It affects your intelligence (+8).
   Fragile:   It will be destroyed if unequipped.
   Will:      It increases your willpower.
Missiles
 J - 2 throwing nets
 R - 5 curare-tipped darts (quivered)
Armour
 b - the +6 chain mail of the Assorted Priests {Rampage rF++ Str+4 Int-5}
   (You bought it in a shop on level 9 of the Dungeon)

   Str:       It affects your strength (+4).
   Int:       It affects your intelligence (-5).
   rF:        It greatly protects you from fire.
   Rampage:   It bestows one free step when moving towards enemies.
 m - the +0 robe "Arutappe" {+Blink rPois rC+}
   (You found it on level 5 of the Realm of Zot)

   rC:        It protects you from cold.
   rPois:     It protects you from poison.
   +Blink:    It lets you blink.
 n - a scarf of resistance (worn)
   (You found it on level 4 of the Dungeon)
 r - the +2 pair of boots of the Inviting Gods (worn) {Drain rPois SInv Stlth+}
   (You found it on level 4 of the Spider Nest)

   rPois:     It protects you from poison.
   SInv:      It lets you see invisible.
   Drain:     It drains your maximum health when unequipped.
   Stlth:     It makes you more stealthy.
 w - the +2 pair of gloves of Gual Goo (worn) {Int+3 Slay+4}
   (You bought it in a shop on level 14 of the Dungeon)

   Int:       It affects your intelligence (+3).
   Slay:      It affects your accuracy & damage with ranged weapons and melee
   (+4).
 y - a +5 kite shield of resistance (worn)
   (You acquired it on level 2 of the Vaults)
 P - a +2 helmet of see invisible (worn)
   (You found it in a Gauntlet)
 Z - the +4 moon troll leather armour (worn) {Spirit, Regen++ MP+5}
   (You took it off a deep elf death mage on level 2 of the Elven Halls)

   MP:        It affects your magic capacity (+5).
   Regen:     It increases your rate of health regeneration.
Jewellery
 d - the ring "Trusted Companion" {rC++ Str+6 Dex+8}
   (You found it in a wizard's laboratory)

   [ring of strength]

   Str:       It affects your strength (+6).
   Dex:       It affects your dexterity (+8).
   rC:        It greatly protects you from cold.
 e - the ring "Nagueroq" (left hand) {rC+ Will+ rCorr Slay+5}
   (You acquired it on level 9 of the Dungeon)

   [ring of resist corrosion]

   Slay:      It affects your accuracy & damage with ranged weapons and melee
   (+5).
   rC:        It protects you from cold.
   rCorr:     It protects you from acid and corrosion.
   Will:      It increases your willpower.
 f - a ring of protection from fire
   (You found it on level 4 of the Lair of Beasts)
 i - a ring of see invisible
   (You found it on level 7 of the Dungeon)
 l - an amulet of regeneration
   (You took it off a skeletal warrior on level 3 of the Crypt)
 o - an amulet of reflection (around neck)
   (You found it on level 1 of the Swamp)
 p - a ring of protection from cold
   (You found it on level 1 of the Lair of Beasts)
 L - the ring of Rusiv (right hand) {rF+ rN+ AC+4 Dex+3}
   (You bought it in a shop on level 12 of the Dungeon)

   [ring of protection]

   AC:        It affects your AC (+4).
   Dex:       It affects your dexterity (+3).
   rF:        It protects you from fire.
   rN:        It protects you from negative energy.
Wands
 g - a wand of paralysis (36)
   (You found it on level 4 of the Dungeon)
 x - a wand of iceblast (33)
   (You found it on level 10 of the Dungeon)
 V - a wand of digging (16)
   (You found it in a Gauntlet)
 W - a wand of quicksilver (26)
   (You found it on level 3 of the Dungeon)
 Y - a wand of mindburst (17)
   (You found it on level 2 of the Swamp)
Scrolls
 a - a scroll of brand weapon
 c - 12 scrolls of enchant weapon
 h - 5 scrolls of silence
 j - 11 scrolls of butterflies
 k - 4 scrolls of magic mapping
 t - 9 scrolls of teleportation
 z - a scroll of blinking
 C - 4 scrolls of vulnerability
 D - 3 scrolls of torment
 M - 9 scrolls of fear
 O - 3 scrolls of summoning
 Q - 6 scrolls of enchant armour
 X - 6 scrolls of immolation
Miscellaneous
 u - a condenser vane
   (You found it on level 4 of the Depths)
 A - a phial of floods
   (You found it on level 2 of the Vaults)
 K - a box of beasts
   (You found it on level 11 of the Dungeon)
 T - a phantom mirror
   (You found it on level 1 of the Lair of Beasts)


   Skills:
 + Level 21.1 Fighting
 - Level 14.0 Short Blades
 - Level 3.7(4.0) Axes
 - Level 1.6(3.0) Maces & Flails
 - Level 0.7 Throwing
 - Level 11.0 Armour
 - Level 18.0 Dodging
 - Level 14.0 Stealth
 - Level 18.0 Shields
 - Level 9.0 Spellcasting
 - Level 11.0 Necromancy
 - Level 5.0 Translocations
 - Level 6.8 Earth Magic
 + Level 12.9 Invocations
 - Level 6.0 Evocations


You had 28 spell levels left.
You knew the following spells:

 Your Spells              Type           Power      Damage    Failure   Level
a - Borgnjor's Vile Clut  Necr/Erth      45%        N/A       7%          5
b - Animate Dead          Necr           99%        N/A       1%          4
c - Dispel Undead         Necr           99%        3d31      1%          4
r - Blink                 Tloc           72%        N/A       1%          2

Your spell library contained the following spells:

 Spells                   Type           Power      Damage    Failure   Level
 Necrotise                Necr           100%       1d9       1%          1
 Vampiric Draining        Necr           99%        2d13      1%          3
 Cigotuvi's Dreadful Rot  Necr/Pois/Air  100%       N/A       3%          2
 Gell's Gravitas          Tloc           36%        N/A       3%          3
 Lesser Beckoning         Tloc           72%        N/A       3%          3
 Teleport Other           Tloc           36%        N/A       3%          3
 Agony                    Necr           99%        N/A       3%          5
 Foxfire                  Conj/Fire      44%        2x1d6     10%         1
 Freeze                   Ice            44%        1d6       10%         1
 Magic Dart               Conj           44%        1d5       10%         1
 Shock                    Conj/Air       44%        1d5       10%         1
 Slow                     Hex            44%        N/A       10%         1
 Sting                    Tmut/Pois      44%        1d5       10%         1
 Summon Small Mammal      Summ           44%        N/A       10%         1
 Anguish                  Hex/Necr       36%        N/A       10%         4
 Vhi's Electric Charge    Tloc/Air       46%        N/A       11%         3
 Manifold Assault         Tloc           36%        N/A       12%         4
 Call Imp                 Summ           11%        N/A       14%         2
 Ensorcelled Hibernation  Hex/Ice        22%        N/A       14%         2
 Poisonous Vapours        Pois/Air       22%        N/A       14%         2
 Static Discharge         Conj/Air       22%        2-3/arc   14%         2
 Kindle Blastsparks       Fire/Tloc/Air  38%        2d13      16%         3
 Lee's Rapid Deconstruct  Erth           22%        3d14*     16%         5
 Death Channel            Necr           49%        N/A       16%         6
 Leda's Liquefaction      Hex/Erth       14%        N/A       24%         4
 Call Canine Familiar     Summ           11%        N/A       28%         3
 Dazzling Flash           Conj/Hex       22%        N/A       28%         3
 Frozen Ramparts          Ice            22%        1d4       28%         3
 Hailstorm                Conj/Ice       11%        3d5       28%         3
 Ignite Poison            Fire/Tmut/Pois 11%        N/A       28%         3
 Inner Flame              Hex/Fire       11%        N/A       28%         3
 Mephitic Cloud           Conj/Pois/Air  11%        N/A       28%         3
 Ozocubu's Armour         Ice            11%        N/A       28%         3
 Summon Guardian Golem    Hex/Summ       11%        N/A       28%         3
 Swiftness                Air            11%        N/A       28%         3
 Tukima's Dance           Hex            11%        N/A       28%         3
 Iskenderun's Mystic Bla  Conj/Tloc      23%        2d6       34%         4
 Airstrike                Air            5%         2d(1-17)  67%         4
 Cause Fear               Hex            5%         N/A       67%         4
 Flame Wave               Conj/Fire      11%        2d6       67%         4
 Fulminant Prism          Conj/Hex       5%         3d7       67%         4
 Olgreb's Toxic Radiance  Pois           11%        N/A       67%         4
 Sticky Flame             Conj/Fire      11%        2d3       67%         4
 Summon Ice Beast         Ice/Summ       11%        N/A       67%         4
 Summon Lightning Spire   Summ/Air       11%        N/A       67%         4
 Summon Forest            Summ/Tloc      11%        N/A       67%         5
 Simulacrum               Ice/Necr       36%        N/A       83%         6
 Alistair's Intoxication  Tmut/Pois      7%         N/A       95%         5
 Fireball                 Conj/Fire      5%         3d5       95%         5
 Freezing Cloud           Conj/Ice/Air   5%         6-21      95%         5
 Metabolic Englaciation   Hex/Ice        5%         N/A       95%         5
 Silence                  Hex/Air        5%         N/A       95%         5
 Summon Mana Viper        Hex/Summ       11%        N/A       95%         5
 Yara's Violent Unravell  Hex/Tmut       5%         3d4       95%         5
 Eringya's Noxious Bog    Tmut/Pois      5%         N/A       100%        6
 Starburst                Conj/Fire      5%         6d4       100%        6
 Summon Cactus Giant      Summ           5%         N/A       100%        6
 Ozocubu's Refrigeration  Ice            5%         4d8       100%        7
 Summon Hydra             Summ           5%         N/A       100%        7
 Discord                  Hex            5%         N/A       100%        8
 Infestation              Necr           49%        N/A       100%        8
 Maxwell's Capacitive Co  Air            5%         ∞         100%        8
 Chain Lightning          Conj/Air       5%         3d7       100%        9
 Dragon's Call            Summ           5%         N/A       100%        9
 Spider Form              Tmut/Pois      Unusable   N/A       N/A         3
 Ice Form                 Ice/Tmut       Unusable   N/A       N/A         4
 Statue Form              Tmut/Erth      Unusable   N/A       N/A         6
 Storm Form               Tmut/Air       Unusable   N/A       N/A         7
 Borgnjor's Revivificati  Necr           Unusable   N/A       N/A         8

Dungeon Overview and Level Annotations

Branches:
Dungeon (15/15)            Temple (0/1) D:5            Lair (5/5) D:10
  Swamp (4/4) Lair:2       Spider (4/4) Lair:3          Orc (2/2) D:11
    Elf (3/3) Orc:2        Vaults (4/5) D:13          Crypt (3/3) Vaults:3
   Tomb (0/3) Crypt:3      Depths (4/4) D:15            Zot (5/5) Depths:4
 Bailey (visited)           IceCv (visited)          WizLab (visited)
Gauntlet (visited)
  Slime: Lair:4-5

Altars:
Ashenzari
Cheibriados
Dithmenos
Hepliaklqana
Kikubaaqudgha
Nemelex Xobeh
Okawaru
Ru
Trog
Wu Jian
Xom
Yredelemnul
Lugonu

Shops:
D:4 !=   D:9 [   D:12 ?==(   D:14 [   Orc:2 (*[[?   Elf:3 !   Vaults:2 ?

Portals:
Hell: Depths:1 Depths:2 Depths:3 Depths:4
Abyss: Depths:1 Depths:2
Pandemonium: Depths:2 Depths:3
Ziggurat: Depths:3
Trove: Vaults:2 (show slimy rune of Zot)

Annotations:
D:15 Roxanne
Lair:4 exclusion: 3 oklob plants
Swamp:2 exclusions: goliath frog, 3 oklob plants and tyrant leech
Swamp:3 3 runed translucent doors, Pegupaph's ghost, journeyman FeFi
Spider:3 Nikola
Orc:2 3 runed translucent doors, ma3's ghost, journeyman MiCK
Elf:2 3 runed translucent doors
Elf:3 2 transporters, 1984wasawarning's ghost, adept HOMo
Depths:1 1 runed translucent door, Puodgh's ghost, adept MfGl
Zot:4 1 transporter


Innate Abilities, Weirdness & Mutations

Your life essence is reduced to manifest your ancestor. (-10% HP)
You are immune to poison.
Your flesh is cold resistant. (rC+)
You are immune to negative energy. (rN+++)
You are immune to unholy pain and torment.
You are vulnerable to heat. (rF-)
You are strongly in touch with the powers of death.
You do not drink.
You have a special connection with the divine. (Faith)


Message History

(D) Dungeon (T) Temple (L) Lair (S) Swamp (N) Spider Nest (O) Orcish Mines (E) Elven Halls (V) Vaults (C) Crypt (W) Tomb (U) Depths (H) Hell (Z) Zot
Where to? (Enter - D:1 @ (x,y), ? - help) Magic restored.
An Orb Guardian comes into view.
Lici gestures wildly while chanting.
The Orb Guardian resists with some effort.
There is a stone staircase leading up here.
You block the Orb Guardian's attack.
You climb upwards.
There is a stone staircase leading down here.
Lici is recalled.
You swap places.
There is a stone staircase leading up here.
Magic restored.
You climb upwards.
There is a stone staircase leading down here.
(D) Dungeon (T) Temple (L) Lair (S) Swamp (N) Spider Nest (O) Orcish Mines (E) Elven Halls (V) Vaults (C) Crypt (W) Tomb (U) Depths (H) Hell (Z) Zot
Where to? (Enter - D:1 @ (x,y), ? - help)
There is a stone staircase leading up here.
You climb upwards.
There is a stone staircase leading down here.
There is a stone staircase leading up here.
You climb upwards.
There is a stone staircase leading down here.
There is an open door here.
An Orb Guardian comes into view.
The Orb Guardian moves out of view.
Lici gestures wildly while chanting.
Lici seems to speed up.
Lici closely misses the Orb Guardian.
There is a stone staircase leading up here.
Lici hits the Orb Guardian with a +0 antimagic quick blade!
The Orb Guardian hits Lici!
Lici hits the Orb Guardian with a +0 antimagic quick blade.
Lici hits the Orb Guardian with a +0 antimagic quick blade!
You climb upwards.
There is a stone staircase leading down here.
Lici is recalled.
(D) Dungeon (T) Temple (L) Lair (S) Swamp (N) Spider Nest (O) Orcish Mines (E) Elven Halls (V) Vaults (C) Crypt (W) Tomb (U) Depths (H) Hell (Z) Zot
Where to? (Enter - D:1 @ (x,y), ? - help)
You swap places.
Magic restored.
There is a stone staircase leading up here.
You climb upwards.
There is a stone staircase leading down here.
You swap places. 3 hellwings come into view.
Lici mumbles some strange words.
The hellwing resists with almost no effort.
The hellwing easily resists.
The hellwing appears confused.
There is a stone staircase leading up here.
The hellwing misses the hellwing.
The hellwing hits the hellwing.
You climb upwards.
There is a stone staircase leading down here.
Lici is recalled.
(D) Dungeon (T) Temple (L) Lair (S) Swamp (N) Spider Nest (O) Orcish Mines (E) Elven Halls (V) Vaults (C) Crypt (W) Tomb (U) Depths (H) Hell (Z) Zot
Where to? (Enter - D:1 @ (x,y), ? - help)
You swap places.
Things that are here:
a stone; a +1 short sword of draining Magic restored.
There is a fountain of clear blue water here.
A rust devil comes into view.
Lici points at the rust devil and mumbles some strange words.
The rust devil easily resists.
You puncture the rust devil!
The rust devil is heavily wounded.
You puncture the rust devil!
The rust devil is almost dead.
You block the rust devil's attack.
You hit the rust devil.
You kill the rust devil!
(D) Dungeon (T) Temple (L) Lair (S) Swamp (N) Spider Nest (O) Orcish Mines (E) Elven Halls (V) Vaults (C) Crypt (W) Tomb (U) Depths (H) Hell (Z) Zot
Where to? (Enter - D:1 @ (x,y), ? - help)
There is a stone staircase leading up here.
You climb upwards.
There is a stone staircase leading down here.
You swap places.
There is a stone staircase leading up here.
You climb upwards.
There is a stone staircase leading down here.
There is an empty arch of ancient stone here.
There is a staircase leading out of the dungeon here.
Enter note: gg You have escaped!

..##.......##...≈...####.#
..##.....####.8.≈.8.# #.#
............#..)≈...# #.#
######.######.8.≈.8.# #.#
#####...#####...≈...# #.#
#..........#.8.≈.8.# #.#
#.##...#####...≈...# #.#
#.###.## ###.R.### #.######
#.# #.# ##@#######.##...#
#.#
#.###########............#
#.#
#...................##...###
##.#
#######################.##..
...# #..... #### #..### #..#
# ##.### #....


You could see the friendly Lici the hexer.

Vanquished Creatures
  A dread lich (Zot:5)
  7 ancient liches (Zot:5)
  4 orbs of fire
  A juggernaut (Depths:2)
  Mara (Depths:2)
  Boris (Crypt:3)
  3 Killer Klowns (Zot:5)
  the Lernaean hydra (Swamp:4)
  2 curse toes
  6 caustic shrikes
  11 golden dragons
  A Hellbinder (WizLab)
  4 bone dragons
  2 profane servitors (Crypt:3)
  A Tzitzimitl (Depths:2)
  3 doom hounds (Depths:2)
  4 hellephants (Depths:2)
  2 electric golems (Zot:5)
  15 tentacled monstrosities
  21 Orb Guardians (Zot:5)
  3 liches
  A Hell Sentinel (Abyss:1)
  5 quicksilver dragons
  A walking frostbound tome (Depths:2)
  A titan (Depths:3)
  5 ancient champions
  6 death cobs
  A deep elf master archer (Elf:3)
  4 sphinxes
  5 thorn hunters (Swamp:2)
  Frances (Swamp:2)
  3 shadow dragons
  3 tengu reavers
  11 storm dragons
  2 fire giants (Depths:3)
  7 frost giants
  2 revenants
  2 draconian monks
  A caustic shrike zombie (Crypt:3)
  9 vault wardens
  5 draconian knights
  5 deep elf sorcerers
  3 spectral caustic shrikes (Depths:1)
  A balrug (WizLab)
  2 emperor scorpions
  An iron dragon (Depths:3)
  4 draconian stormcallers
  2 cacodemons (WizLab)
  7 ghost moths
  A draconian shifter (Zot:5)
  An angel (Depths:3)
  An orc warlord (Vaults:4)
  2 draconian annihilators
  A juggernaut zombie (Crypt:3)
  A reaper (Crypt:2)
  11 ironbound preservers
  4 deep elf elementalists (Elf:3)
  A caustic shrike skeleton (Crypt:1)
  15 very ugly things
  4 broodmothers
  2 juggernaut skeletons
  11 stone giants
  5 ghouls (Crypt:3)
  4 ironbound thunderhulks
  5 war gargoyles
  7 vampire knights
  13 green draconians
  7 black draconians
  4 eleionomae
  5 bunyips
  9 spark wasps
  A minotaur (Gauntlet)
  3 deep elf demonologists
  A putrid mouth (Depths:2)
  3 red draconians
  4 deep elf annihilators
  5 white draconians
  6 dire elephants
  6 purple draconians
  8 yellow draconians
  5 deep elf death magi
  9 eidola
  A blizzard demon (WizLab)
  6 ettins
  A green death (WizLab)
  A merfolk javelineer (Depths:2)
  A merfolk impaler (Depths:2)
  A crystal guardian (Vaults:3)
  A quicksilver dragon zombie (Crypt:1)
  8 fire dragons
  10 great orbs of eyes
  A mummy priest (Crypt:3)
  Josephine (Orc:2)
  3 entropy weavers
  4 shambling mangroves
  2 deep elf high priests
  A spriggan zombie (Crypt:3)
  4 vault guards
  4 yaktaur captains
  A jiangshi (Crypt:2)
  5 rakshasas
  6 ice dragons
  4 hell beasts
  4 spriggan air magi
  A jorogumo (Spider:3)
  A caustic shrike simulacrum (IceCv)
  16 hydras
  6 boulder beetles
  A salamander tyrant (Depths:4)
  A catoblepas (Lair:4)
  2 spriggan skeletons
  5 ironbound frosthearts
  2 peacekeepers
  12 centaur warriors
  2 ghost crabs (Swamp:3)
  A radroach (Lair:3)
  8 alligators
  Erica (D:9)
  7 dancing weapons
  3 death yaks
  5 two-headed ogres (D:15)
  4 death knights
  10 deep troll shamans
  4 hell hogs (Depths:2)
  4 tengu warriors
  2 orc high priests (Orc:2)
  A storm dragon zombie (Crypt:3)
  9 deep troll earth magi
  10 spriggan berserkers
  6 thrashing horrors
  2 titan zombies
  6 deep elf knights
  7 vampire magi
  2 shock serpents (shapeshifter)
  2 wretched stars (Abyss:3)
  A fire crab (Lair:4)
  A soul eater (Depths:2)
  22 skeletal warriors
  8 iron trolls
  A fire crab (shapeshifter) (Depths:4)
  2 storm dragon skeletons
  2 sun moths (Spider:3)
  A sixfirhy (WizLab)
  7 goliath frogs
  5 pharaoh ants
  An anaconda zombie (Crypt:1)
  50 deep trolls
  A flayed ghost (Depths:3)
  2 tengu zombies
  14 swamp dragons
  8 orb spiders
  3 deep elf archers (Elf:3)
  18 ironbound convokers
  5 bog bodies
  A shadow demon (WizLab)
  4 steelbarb worms
  3 spriggan simulacra (IceCv)
  Pikel (D:7)
  15 orc knights
  3 large abominations
  3 glowing orange brains
  5 wizards
  14 lindwurms
  A fire giant zombie (Crypt:2)
  10 deep elf zephyrmancers
  An obsidian statue (IceCv)
  A stone giant zombie (Crypt:3)
  15 phantasmal warriors
  21 deep elf pyromancers
  An iron dragon zombie (Crypt:3)
  7 necromancers
  4 orc sorcerers
  31 slime creatures
  2 will-o-the-wisps
  18 ugly things
  2 cyclopes
  3 human zombies (Vaults:2)
  4 salamanders (Depths:4)
  20 wolf spiders
  An eleionoma zombie (Crypt:1)
  23 moths of wrath
  3 rust devils
  11 black mambas
  10 elephants
  A stone giant skeleton (Vaults:2)
  4 dire elephant zombies
  An elephant (shapeshifter) (Depths:3)
  A frost giant skeleton (Vaults:2)
  A torpor snail (shapeshifter) (Depths:3)
  12 vault sentinels
  4 gargoyles
  5 smoke demons
  A titan simulacrum (Vaults:2)
  4 orange demons
  A naga skeleton (Crypt:1)
  10 cane toads
  10 torpor snails
  2 unseen horrors
  28 yaktaurs
  7 rime drakes
  3 demonic crawlers
  10 komodo dragons
  4 tengu conjurers
  An efreet (Gauntlet)
  A hydra zombie (Crypt:1)
  2 ice devils
  2 anaconda simulacra (IceCv)
  20 freezing wraiths
  4 guardian mummies
  11 trolls
  A kobold demonologist (D:13)
  3 hellwings (WizLab)
  4 tormentors (Depths:2)
  3 red devils (WizLab)
  2 ancient zymes (Abyss:1)
  A bloated husk (Swamp:4)
  9 meliai
  A queen bee (Spider:1)
  A sea snake skeleton (Crypt:2)
  9 tyrant leeches
  23 tarantellas
  7 hornets
  2 raiju
  2 ettin zombies (Crypt:3)
  A harpy skeleton (Crypt:1)
  A small abomination (Abyss:1)
  11 blink frogs
  A fire dragon zombie (Crypt:1)
  5 dream sheep
  23 culicivoras
  A jumping spider (shapeshifter) (Abyss:3)
  2 ettin skeletons (Vaults:2)
  An ice dragon skeleton (Crypt:1)
  16 flying skulls (Crypt:1)
  3 spriggans
  19 jumping spiders
  12 wraiths
  Eustachio (D:5)
  3 air elementals
  6 water elementals
  A ynoxinul (Abyss:1)
  A vampire (D:8)
  2 fire elementals
  11 humans (D:12)
  A black mamba skeleton (Crypt:1)
  2 dire elephant simulacra (IceCv)
  A fire bat (Abyss:3)
  4 wyverns
  3 basilisks
  30 yaks
  A hog (Lair:2)
  A redback (shapeshifter) (Elf:2)
  2 steam dragons
  3 chaos spawn
  3 vampire mosquitoes (D:12)
  68 redbacks
  A minotaur simulacrum (IceCv)
  3 neqoxecs (WizLab)
  A harpy simulacrum (Crypt:1)
  10 swamp worms
  A naga zombie (Crypt:3)
  7 wargs
  A spatial vortex (Abyss:1)
  5 acid dragons
  19 water moccasins
  2 floating eyes
  2 hell hounds (Gauntlet)
  13 swamp drakes
  21 orc warriors
  5 hexers
  2 ettin simulacra (IceCv)
  2 alligator simulacra (IceCv)
  A sky beast (Lair:2)
  A cane toad skeleton (Crypt:2)
  13 wolves
  12 centaurs
  8 ogres
  2 lemures (D:7)
  A rime drake zombie (Crypt:2)
  A phantom (Crypt:3)
  3 kobold brigands
  13 bullfrogs
  10 necrophages
  2 gnoll sergeants
  3 earth elementals
  A deep troll simulacrum (IceCv)
  A glowing shapeshifter simulacrum (Vaults:2)
  A human skeleton (Vaults:2)
  4 scorpions
  A cyclops skeleton (Crypt:2)
  3 wights (D:8)
  6 wyvern skeletons (Crypt:3)
  19 killer bees
  A polar bear zombie (Crypt:2)
  5 electric eels
  3 howler monkeys
  3 lindwurm simulacra (IceCv)
  A centaur zombie (Crypt:1)
  2 jellies
  A gnoll bouda (D:7)
  A hound (D:4)
  10 orc priests
  2 iron imps (Abyss:1)
  7 iguanas
  18 orc wizards
  5 hell rats (Lair:4)
  A mummy (Crypt:3)
  A boggart simulacrum (D:14)
  6 adders
  17 gnolls
  2 white imps (D:7)
  2 ufetubi
  2 worms (D:2)
  4 dart slugs
  84 orcs
  2 bat zombies (Crypt:1)
  8 endoplasms
  4 giant cockroaches
  10 goblins
  13 hobgoblins
  9 jackals
  5 quokkas
  9 ball pythons
  6 bats
  5 frilled lizards (D:1)
  23 kobolds
  An orc skeleton (Crypt:2)
  7 rats
1901 creatures vanquished.

Vanquished Creatures (collateral kills)
  A dread lich (Zot:5)
  An ancient lich (Zot:5)
  A juggernaut (Zot:5)
  2 Killer Klowns
  A golden dragon (Zot:2)
  A Tzitzimitl (Depths:2)
  A tentacled monstrosity (Zot:4)
  Rupert (Orc:2)
  A walking earthen tome (Depths:2)
  4 Orb Guardians (Zot:5)
  Grunn (Depths:2)
  A deep elf blademaster (Elf:3)
  Gastronok (D:9)
  A tentacled starspawn (Abyss:1)
  Kirke (Swamp:2)
  A shadow dragon (Zot:5)
  2 storm dragons
  A revenant (Crypt:2)
  A draconian knight (Zot:1)
  A fenstrider witch (Swamp:1)
  A deep elf sorcerer (Elf:3)
  An orc warlord (Vaults:1)
  3 deep elf elementalists (Elf:3)
  3 draconian shifters
  2 ironbound preservers (Vaults:1)
  2 ironbound thunderhulks
  A vampire knight (Depths:3)
  A starcursed mass (Abyss:3)
  3 stone giants
  2 black draconians
  3 deep elf annihilators (Elf:3)
  A lorocyproca (WizLab)
  3 white draconians
  2 deep elf demonologists (Elf:3)
  3 purple draconians
  A demonspawn black sun (WizLab)
  A dire elephant (Vaults:2)
  An eleionoma (Swamp:4)
  3 spark wasps
  4 eidola
  A deep elf death mage (Elf:3)
  An ettin (Depths:2)
  A jiangshi (Crypt:2)
  2 deep elf high priests (Elf:3)
  A yaktaur captain (Vaults:2)
  A fire dragon (Lair:5)
  A rakshasa (Depths:2)
  2 entropy weavers
  A caustic shrike simulacrum (IceCv)
  A spriggan zombie (Crypt:3)
  2 ogre magi (D:15)
  An ironbound frostheart (Vaults:2)
  A ghost crab (Swamp:1)
  A radroach (Spider:3)
  A merfolk avatar (Abyss:3)
  A boulder beetle (D:11)
  3 dancing weapons
  A spriggan air mage (Depths:4)
  5 two-headed ogres
  3 death yaks
  An orc high priest (Orc:2)
  A deep troll earth mage (Depths:2)
  2 tengu warriors
  3 hell hogs (Depths:2)
  A wretched star (Abyss:1)
  Nergalle (Lair:2)
  6 deep elf knights
  A hell knight (Depths:4)
  8 skeletal warriors
  A spatial maelstrom (Abyss:1)
  Lodul (D:12)
  2 glowing orange brains
  2 spriggan druids (Swamp:2)
  3 orb spiders
  8 deep trolls
  2 deep elf archers
  3 lindwurms
  2 necromancers
  3 ironbound convokers
  3 wizards
  4 orc knights
  2 deep elf zephyrmancers (Elf:3)
  2 phantasmal warriors
  3 deep elf pyromancers
  An orc sorcerer (Orc:2)
  5 wolf spiders
  4 ugly things
  An oklob plant (Gauntlet)
  5 elephants
  2 will-o-the-wisps
  A manticore (D:12)
  2 vault sentinels
  2 torpor snails
  5 moths of wrath
  A smoke demon (WizLab)
  3 cane toads
  3 rime drakes
  An unseen horror (D:12)
  3 komodo dragons
  4 yaktaurs
  4 freezing wraiths (IceCv)
  An ancient zyme (Abyss:3)
  2 red devils (WizLab)
  A hellwing (WizLab)
  A troll (Orc:2)
  A tyrant leech (Swamp:2)
  2 meliai
  4 hornets
  5 tarantellas
  A polar bear (Lair:1)
  3 blink frogs
  4 dream sheep
  4 slime creatures
  4 jumping spiders
  An air elemental (Elf:2)
  8 culicivoras
  A centaur simulacrum (Crypt:1)
  3 water elementals
  A ynoxinul (D:11)
  2 wraiths
  A dire elephant simulacrum (IceCv)
  2 spriggans
  5 humans (D:12)
  3 yaks
  A fire elemental (Gauntlet)
  2 basilisks
  A neqoxec (Abyss:2)
  2 steam dragons
  8 redbacks
  2 vampire mosquitoes (D:12)
  2 wargs
  3 harpy simulacra (IceCv)
  6 swamp worms
  A large abomination (Abyss:2)
  3 water moccasins
  A floating eye (Depths:2)
  A two-headed ogre skeleton (Crypt:1)
  2 swamp drakes
  An ettin simulacrum (IceCv)
  3 orc warriors
  An ice beast (D:5)
  2 alligator simulacra (IceCv)
  5 ogres
  5 wolves
  A sky beast (D:6)
  5 centaurs
  A small abomination (Abyss:1)
  A lemure (D:7)
  2 bullfrogs
  4 necrophages (Crypt:3)
  2 wights (D:8)
  3 killer bees
  A lindwurm simulacrum (IceCv)
  An electric eel (Spider:1)
  A hound (D:5)
  3 orc priests
  4 orc wizards
  2 hell rats (Lair:4)
  6 gnolls
  An ufetubus (Abyss:2)
  17 orcs
  An endoplasm (D:4)
  2 goblins
  A quokka (D:4)
  A frilled lizard (Lair:2)
  7 kobolds
388 creatures vanquished.

Vanquished Creatures (others)
  A draconian annihilator (Depths:4)
  A spriggan air mage (Depths:1)
  2 deep troll earth magi (Depths:1)
  A deep troll shaman (Depths:1)
  An iron troll (Depths:1)
  A deep troll (Depths:1)
  A bloated husk (Swamp:1)
  A culicivora (Spider:3)
  4 humans
  A lava snake (D:9)
  An orc wizard (Orc:2)
  65 hexers
  2 ancestors
  2 briar patches (Swamp:2)
  21 foxfires
  24 fungi
  A lurking horror (Abyss:3)
  91 plants
  4 toadstools (D:1)
  10 withered plants (Crypt:3)
235 creatures vanquished.

Grand Total: 2524 creatures vanquished

Notes
Turn   | Place    | Note
-------+----------+-------------------------------------------
     0 | D:1      | Flugkiller the Mummy Warper began the quest for the Orb.
     0 | D:1      | Reached XP level 1. HP: 16/16 MP: 4/4
   146 | D:1      | Reached XP level 2. HP: 20/22 MP: 5/5
   534 | D:1      | Gained mutation: You are in touch with the powers of death.
                  | [Mummy growth]
   534 | D:1      | Reached XP level 3. HP: 27/27 MP: 7/7
  1483 | D:3      | Reached XP level 4. HP: 23/33 MP: 8/8
  1906 | D:3      | Found a faded altar of an unknown god.
  1921 | D:3      | Found a hazy altar of Hepliaklqana.
  1942 | D:3      | Became a worshipper of Hepliaklqana the Forgotten
  1999 | D:3      | Reached skill level 3 in Fighting
  2129 | D:3      | Found a sparkling altar of Nemelex Xobeh.
  2360 | D:4      | Found Wappir's Jewellery Emporium.
  2366 | D:4      | Reached XP level 5. HP: 41/41 MP: 9/9
  2651 | D:4      | Reached skill level 4 in Fighting
  2727 | D:4      | Found Idghe's Distillery.
  2814 | D:4      | Noticed Eustachio
  3346 | D:5      | Entered Level 5 of the Dungeon
  3346 | D:5      | Noticed a centaur
  3558 | D:5      | Reached * piety under Hepliaklqana
  3580 | D:5      | Noticed an ice beast
  3593 | D:5      | Killed an ice beast
  3594 | D:5      | Reached skill level 5 in Fighting
  3594 | D:5      | Reached skill level 1 in Maces & Flails
  3594 | D:5      | Reached XP level 6. HP: 19/45 MP: 10/10
  3826 | D:5      | Reached skill level 1 in Shields
  3859 | D:4      | Reached XP level 7. HP: 30/50 MP: 11/11
  4059 | D:5      | Identified the +9 rapier of Wyrd {vorpal, Fragile Will+
                  | Str-2 Int+8}
  4290 | D:5      | Found a staircase to the Ecumenical Temple.
  4418 | D:6      | Reached skill level 1 in Short Blades
  5200 | D:5      | Killed Eustachio
  5201 | D:5      | Reached XP level 8. HP: 44/55 MP: 12/12
  5229 | D:4      | Bought a +6 ring of dexterity for 432 gold pieces
  5413 | D:7      | Noticed Pikel
  5563 | D:7      | Found a snail-covered altar of Cheibriados.
  5642 | D:7      | Killed Pikel
  5643 | D:7      | Reached skill level 5 in Short Blades
  5643 | D:7      | Found a flagged portal.
  5658 | Bailey   | Entered a bailey
  5806 | Bailey   | Noticed an orc knight
  5844 | Bailey   | Reached XP level 9. HP: 50/61 MP: 13/13
  5847 | Bailey   | Killed an orc knight
  5990 | Bailey   | Reached skill level 5 in Dodging
  6349 | D:7      | Identified the amulet "Gieshesch" {RegenMP Fly Will+}
  6523 | D:8      | Reached ** piety under Hepliaklqana
  6526 | D:8      | Remembered your ancestor Lici as a hexer
  6861 | D:8      | Reached skill level 6 in Fighting
  7021 | D:8      | Reached XP level 10. HP: 65/68 MP: 14/14
  7110 | D:9      | Found a shadowy altar of Dithmenos.
  7135 | D:9      | Noticed Gastronok
  7198 | D:9      | Killed Gastronok
  7227 | D:9      | Found a basalt altar of Yredelemnul.
  7289 | D:9      | Found a broken altar of Ashenzari.
  7341 | D:9      | Reached skill level 7 in Fighting
  7462 | D:9      | Found an ancient bone altar of Kikubaaqudgha.
  7465 | D:9      | Noticed Erica
  7471 | D:9      | Reached *** piety under Hepliaklqana
  7481 | D:9      | Killed Erica
  7547 | D:9      | Noticed Maggie
  7663 | D:9      | Found Bafem's Antique Armour Shop.
  8257 | D:9      | Maggie changed into Maggie the rime drake
  8257 | D:9      | Noticed Maggie
  8266 | D:9      | Killed Maggie the rime drake
  8267 | D:9      | Reached skill level 8 in Fighting
  8339 | D:9      | Identified 3 scrolls of acquirement
  8340 | D:9      | Acquired 1121 gold pieces
  8342 | D:9      | Bought a crude leather armour for 224 gold pieces
  8342 | D:9      | Identified the +0 leather armour of Insecurity {Contam
                  | *Slow Will+++ Int+8} (You bought it in a shop on level 9 of
                  | the Dungeon)
  8342 | D:9      | Bought a pair of runed boots for 240 gold pieces
  8354 | D:9      | Acquired 746 gold pieces
  8356 | D:9      | Acquired the ring "Nagueroq" {rC+ Will+ rCorr Slay+5}
  8499 | D:10     | Entered Level 10 of the Dungeon
  8507 | D:10     | Found a staircase to the Lair.
  8571 | D:10     | Reached XP level 11. HP: 68/77 MP: 15/15
  8909 | D:10     | Identified the +2 scale mail of Cheibriados, Charming
                  | {*Corrode rPois Slay+3 SInv}
  9310 | D:11     | Noticed a boulder beetle
  9312 | D:11     | Reached **** piety under Hepliaklqana
  9317 | D:11     | Killed a boulder beetle
  9964 | D:11     | Found a staircase to the Orcish Mines.
 10173 | Lair:1   | Entered Level 1 of the Lair of Beasts
 10445 | Lair:1   | Reached skill level 10 in Short Blades
 10445 | Lair:1   | Reached skill level 10 in Dodging
 10480 | Lair:1   | Reached skill level 1 in Invocations
 10573 | Lair:1   | Reached ***** piety under Hepliaklqana
 10710 | Lair:1   | Reached XP level 12. HP: 80/82 MP: 16/16
 11170 | Lair:1   | Reached skill level 5 in Invocations
 11422 | Lair:2   | Noticed Nergalle
 11432 | Lair:2   | Killed Nergalle
 11624 | Lair:2   | Identified the +2 robe of Analysis {rC+}
 11815 | Lair:2   | Found a staircase to the Swamp.
 11839 | Lair:2   | Noticed Sonja
 11849 | Lair:2   | Sonja changed into Sonja the hog
 11849 | Lair:2   | Noticed Sonja
 11851 | Lair:2   | Killed Sonja the hog
 12016 | Lair:3   | Found a hole to the Spider Nest.
 12096 | Lair:3   | Reached skill level 5 in Shields
 12268 | Lair:3   | Gained mutation: You are strongly in touch with the powers
                  | of death. [Mummy growth]
 12268 | Lair:3   | Reached XP level 13. HP: 81/90 MP: 13/18
 12274 | Lair:3   | Reached skill level 9 in Fighting
 13626 | Lair:4   | Reached skill level 10 in Fighting
 14171 | Lair:5   | Entered Level 5 of the Lair of Beasts
 14362 | Lair:5   | Identified the +0 robe of Greater Demons {rC+}
 14391 | Lair:5   | Reached XP level 14. HP: 99/99 MP: 20/20
 16166 | D:12     | Found Finuek's Antique Weapon Emporium.
 16201 | D:12     | Found a gate leading to a gauntlet.
 16212 | D:12     | Found Usa Xede's Jewellery Boutique.
 16215 | D:12     | Bought the ring of Rusiv {rF+ rN+ AC+4 Dex+3} for 1089 gold
                  | pieces
 16225 | Gauntlet | Entered a Gauntlet
 16225 | Gauntlet | Found a transporter.
 16225 | Gauntlet | Found a runed translucent door.
 16226 | Gauntlet | Found a runed translucent door.
 16230 | Gauntlet | Found a transporter.
 16232 | Gauntlet | Found a transporter.
 16243 | Gauntlet | Found a transporter.
 16246 | Gauntlet | Found a transporter.
 16250 | Gauntlet | Noticed a quicksilver ooze
 16258 | Gauntlet | Found a transporter.
 16273 | Gauntlet | Found a transporter.
 16284 | Gauntlet | Found a transporter.
 16292 | Gauntlet | Found a runed translucent gate.
 16292 | Gauntlet | Found a runed translucent gate.
 16292 | Gauntlet | Found a runed translucent gate.
 16297 | Gauntlet | Found a transporter.
 16310 | Gauntlet | Found a transporter.
 16324 | Gauntlet | Found a transporter.
 16324 | Gauntlet | Found a transporter.
 16371 | Gauntlet | Found a transporter.
 16385 | Gauntlet | Found a transporter.
 16586 | Gauntlet | Identified the ring "Ahuosuits" {Fire rPois rN+ Will-}
 16634 | Gauntlet | Identified the +5 morningstar "Facsyim" {vorpal, rElec
                  | rPois Int-5}
 16653 | D:12     | Acquired a +4 quick blade of draining
 16694 | D:12     | Found Xeboisku's Jewellery Boutique.
 16785 | D:12     | Found Kuurux's Magic Scroll Shoppe.
 16793 | D:12     | Bought a scroll of enchant armour for 97 gold pieces
 16793 | D:12     | Bought a scroll of teleportation for 39 gold pieces
 16793 | D:12     | Bought a scroll of teleportation for 39 gold pieces
 16876 | D:12     | Noticed Lodul
 16964 | D:12     | Killed Lodul
 17172 | D:13     | Found a gate to the Vaults.
 17253 | D:12     | Reached skill level 1 in Armour
 17398 | D:13     | Reached skill level 1 in Evocations
 17580 | D:13     | Reached XP level 15. HP: 103/103 MP: 21/21
 18337 | D:14     | Found Pododi's Armour Boutique.
 18344 | D:14     | Bought the +2 pair of gloves of Gual Goo {Int+3 Slay+4} for
                  | 579 gold pieces
 18686 | D:14     | Found an iron altar of Okawaru.
 18869 | D:15     | Entered Level 15 of the Dungeon
 18871 | D:15     | Found a sacrificial altar of Ru.
 19012 | D:15     | Noticed Roxanne
 19187 | D:14     | Reached skill level 5 in Armour
 19295 | D:15     | Reached skill level 5 in Evocations
 19377 | D:15     | Found a frozen archway.
 19386 | IceCv    | Entered an ice cave
 19708 | IceCv    | Noticed a lich
 19739 | IceCv    | Killed a lich
 19766 | IceCv    | Found an ancient bone altar of Kikubaaqudgha.
 20003 | IceCv    | Identified the ring "Lenay" {Ice rCorr Int+6}
 20100 | IceCv    | Got the Atlas of the Vile Blizzard
 20295 | D:15     | Reached XP level 16. HP: 107/111 MP: 22/22
 20503 | D:15     | Found a staircase to the Depths.
 20882 | Orc:1    | Entered Level 1 of the Orcish Mines
 20922 | Orc:1    | Found a bloodstained altar of Trog.
 21080 | Orc:2    | Entered Level 2 of the Orcish Mines
 21093 | Orc:2    | Found a staircase to the Elven Halls.
 21139 | Orc:2    | Noticed Rupert
 21158 | Orc:2    | Noticed Josephine
 21161 | Orc:2    | Killed Rupert
 21162 | Orc:2    | Reached skill level 11 in Fighting
 21170 | Orc:2    | Killed Josephine
 21656 | Orc:2    | Found a runed translucent gate.
 21660 | Orc:2    | Found a runed translucent gate.
 21660 | Orc:2    | Found a runed translucent gate.
 21666 | Orc:2    | Noticed ma3's ghost (journeyman MiCK)
 21852 | Orc:2    | Found Queluaph's Weapon Shoppe.
 21930 | Orc:2    | Found Piseircha's General Store.
 21930 | Orc:2    | Found Yseog's Antique Armour Emporium.
 21943 | Orc:2    | Found Ciyga's Antique Armour Boutique.
 21943 | Orc:2    | Found Bahof's Magic Scroll Emporium.
 21949 | Orc:2    | Bought a scroll of teleportation for 51 gold pieces
 21953 | Orc:2    | Bought a scroll of blinking for 75 gold pieces
 21953 | Orc:2    | Bought a scroll of blinking for 75 gold pieces
 21957 | Orc:2    | Bought a scroll of enchant armour for 75 gold pieces
 21959 | Orc:2    | Bought a pitted leather armour for 168 gold pieces
 21959 | Orc:2    | Identified the +0 leather armour of Sin {-Cast Rampage rF-
                  | Dex+10} (You bought it in a shop on level 2 of the Orcish
                  | Mines)
 22513 | Spider:1 | Entered Level 1 of the Spider Nest
 24082 | Spider:2 | Identified the +4 quarterstaff of Uqead {speed, rF+}
 24124 | Spider:2 | Reached skill level 12 in Fighting
 24223 | Spider:2 | Identified the +6 shortbow of the Onslaught {flame, rPois
                  | Dex+3}
 24512 | Spider:3 | Reached skill level 1 in Stealth
 24524 | Spider:3 | Reached XP level 17. HP: 103/119 MP: 23/23
 24809 | Spider:3 | Found the +8 Wrath of Trog {antimagic, *Rage Rampage}
 24960 | Spider:3 | Noticed Nikola
 25558 | Spider:4 | Entered Level 4 of the Spider Nest
 25853 | Spider:4 | Reached skill level 5 in Stealth
 26545 | Spider:4 | Got a gossamer rune of Zot
 26547 | Spider:4 | Identified the +2 pair of boots of the Inviting Gods {Drain
                  | rPois SInv Stlth+}
 27088 | Orc:2    | Bought a smoking scale mail for 288 gold pieces
 27088 | Orc:2    | Identified the +0 scale mail of the Beggar {Harm *Corrode
                  | rPois Slay+3} (You bought it in a shop on level 2 of the
                  | Orcish Mines)
 27301 | Swamp:1  | Entered Level 1 of the Swamp
 27603 | Swamp:1  | Reached skill level 10 in Stealth
 28044 | Swamp:2  | Reached XP level 18. HP: 126/126 MP: 24/24
 28296 | Swamp:2  | Found the +9 staff of Olgreb {rPois∞}
 28443 | Swamp:2  | Noticed Frances
 28452 | Swamp:2  | Killed Frances
 29062 | Swamp:2  | Noticed Kirke
 29086 | Swamp:2  | Killed Kirke
 29325 | Swamp:3  | Reached skill level 10 in Invocations
 29378 | Swamp:3  | Found a runed translucent gate.
 29378 | Swamp:3  | Found a runed translucent gate.
 29378 | Swamp:3  | Found a runed translucent gate.
 29380 | Swamp:3  | Noticed Pegupaph's ghost (journeyman FeFi)
 29456 | Swamp:3  | Reached skill level 13 in Fighting
 29999 | Swamp:4  | Entered Level 4 of the Swamp
 30490 | Swamp:4  | Noticed the 27-headed Lernaean hydra
 30589 | Swamp:4  | Killed the 27-headed Lernaean hydra
 30759 | Swamp:4  | Reached skill level 14 in Fighting
 30856 | Swamp:4  | Got a decaying rune of Zot
 31258 | Elf:1    | Entered Level 1 of the Elven Halls
 31339 | Elf:1    | Paralysed by an air elemental for 1 turns
 31568 | Elf:1    | Paralysed by an air elemental for 1 turns
 32189 | Elf:2    | Paralysed by an air elemental for 1 turns
 32218 | Elf:2    | Reached XP level 19. HP: 119/137 MP: 27/27
 32464 | Elf:2    | Found a runed translucent gate.
 32464 | Elf:2    | Found a runed translucent gate.
 32545 | Elf:2    | Found a runed translucent gate.
 32685 | Elf:3    | Entered Level 3 of the Elven Halls
 32873 | Elf:3    | Learned a level 5 spell: Borgnjor's Vile Clutch
 32897 | Elf:3    | Found a transporter.
 32957 | Elf:3    | Found a transporter.
 33008 | Elf:3    | Noticed 1984wasawarning's ghost (adept HOMo)
 33184 | Elf:3    | Reached skill level 1 in Necromancy
 33243 | Elf:3    | Reached skill level 1 in Earth Magic
 33719 | Elf:3    | Found Icaqih's Distillery.
 34437 | Elf:3    | Noticed a Tzitzimitl
 34443 | Elf:3    | Noticed a Tzitzimitl
 34444 | Elf:3    | Reached skill level 5 in Spellcasting
 34579 | Elf:3    | Noticed a Brimstone Fiend
 34782 | Elf:3    | Identified the +1 robe "Rolal" {Int+6 Slay+3}
 34924 | Elf:3    | Identified the +7 falchion "Zop Eppong" {vorpal, rCorr
                  | Int+2}
 35056 | Elf:3    | Got the Teachings on Vapour and the Snowflakes
 35060 | Elf:3    | Got the Book of Guile and Breath
 35066 | Elf:3    | Got the Almanac of Hexes and the Snowflakes
 35067 | Elf:3    | Identified the +8 dagger "Ogreslayer" {vorpal, rElec rF+
                  | Dex-4}
 35317 | Vaults:1 | Entered Level 1 of the Vaults
 35369 | Vaults:1 | Reached skill level 5 in Necromancy
 35461 | Vaults:1 | Identified the +0 chain mail of Daepral {Dex+4}
 35763 | D:9      | Bought a faintly humming chain mail for 304 gold pieces
 35763 | D:9      | Identified the +6 chain mail of the Assorted Priests
                  | {Rampage rF++ Str+4 Int-5} (You bought it in a shop on
                  | level 9 of the Dungeon)
 35963 | Vaults:1 | Reached skill level 5 in Earth Magic
 36286 | Vaults:1 | Reached XP level 20. HP: 144/144 MP: 32/32
 36870 | Vaults:2 | Learned a level 4 spell: Animate Dead
 36873 | Vaults:2 | Learned a level 2 spell: Blink
 37171 | Vaults:2 | Acquired a +0 kite shield of resistance
 37207 | Vaults:2 | Found a portal to a secret trove of treasure.
 37493 | Vaults:2 | Reached skill level 5 in Translocations
 37587 | Vaults:2 | Reached ****** piety under Hepliaklqana
 37715 | Vaults:2 | Reached skill level 10 in Necromancy
 37932 | Vaults:2 | Found Ebapop's Magic Scroll Shop.
 37940 | Vaults:2 | Bought a scroll of blinking for 97 gold pieces
 37940 | Vaults:2 | Bought a scroll of teleportation for 39 gold pieces
 37940 | Vaults:2 | Bought a scroll of magic mapping for 97 gold pieces
 38538 | Vaults:3 | Identified the +1 scale mail of Context {rCorr Str+4
                  | Stlth+}
 38928 | Vaults:3 | Found a staircase to the Crypt.
 39235 | Vaults:3 | Reached XP level 21. HP: 150/150 MP: 34/34
 39536 | Vaults:4 | Reached skill level 15 in Fighting
 39618 | Vaults:4 | Reached skill level 10 in Shields
 39878 | Vaults:4 | Identified the +1 leather armour of Xainler {rF+ Will+}
 40515 | Crypt:1  | Entered Level 1 of the Crypt
 40540 | Vaults:3 | Learned a level 4 spell: Dispel Undead
 40634 | Crypt:1  | Found a magical portal.
 40649 | WizLab   | Entered The Hall of the Hellbinder
 41018 | WizLab   | Noticed Uzuo
 41042 | WizLab   | Killed Uzuo the Hellbinder
 41083 | WizLab   | Found a burning altar of Makhleb.
 41098 | WizLab   | Identified the ring "Axzen" {*Slow +Blink rPois rF- rCorr}
 41135 | WizLab   | Got the Codex of Calling
 41136 | WizLab   | Identified the ring "Trusted Companion" {rC++ Str+6 Dex+8}
 41225 | Crypt:1  | Acquired a manual of Translocations
 41324 | Crypt:1  | Reached skill level 15 in Dodging
 42891 | Crypt:3  | Entered Level 3 of the Crypt
 43133 | Crypt:3  | Noticed Boris
 43282 | Crypt:3  | Reached XP level 22. HP: 159/159 MP: 35/35
 43408 | Crypt:3  | Reached skill level 16 in Fighting
 43484 | Crypt:3  | Got the Grimoire of Amassed Intoxication
 43717 | Crypt:3  | Killed Boris
 43830 | Crypt:3  | Found a basalt altar of Yredelemnul.
 44281 | Crypt:3  | Found a staircase to the Tomb.
 44757 | Depths:1 | Entered Level 1 of the Depths
 44826 | Depths:1 | Found a gateway to Hell.
 44910 | Depths:1 | You fall into a shaft and drop 1 floor!
 44961 | Depths:2 | Noticed a juggernaut
 44984 | Depths:2 | Killed a juggernaut
 44986 | Depths:2 | Noticed Mara
 45012 | Depths:2 | Noticed Flugkiller's illusion
 45472 | Depths:1 | Found a runed translucent door.
 45472 | Depths:1 | Found a shimmering altar of Xom.
 45472 | Depths:1 | Noticed Puodgh's ghost (adept MfGl)
 45753 | Depths:1 | Found a corrupted altar of Lugonu.
 45753 | Depths:1 | Found a one-way gate to the infinite horrors of the Abyss.
 45977 | Depths:2 | Found a one-way gate leading to the halls of Pandemonium.
 46037 | Depths:2 | Noticed Grunn
 46038 | Depths:2 | Reached skill level 17 in Fighting
 46221 | Depths:2 | Noticed a golden dragon
 46233 | Depths:2 | Killed a golden dragon
 46440 | Depths:2 | Noticed Flugkiller's illusion
 46496 | Depths:2 | Reached XP level 23. HP: 158/169 MP: 11/36
 46553 | Depths:2 | Noticed Flugkiller's illusion
 46556 | Depths:2 | Killed Mara
 46794 | Depths:2 | Identified the ring "Penakk" {Wiz rElec Dex+4 Slay-4}
 46897 | Depths:2 | Killed Grunn
 46924 | Depths:2 | Reached skill level 15 in Shields
 47030 | Depths:2 | Reached skill level 18 in Fighting
 47595 | Depths:3 | Found a one-way gateway to a ziggurat.
 48334 | Depths:3 | Reached skill level 10 in Armour
 48336 | Depths:3 | Noticed a caustic shrike
 48362 | Depths:3 | Killed a caustic shrike
 48561 | Depths:3 | Found the +5 glaive of the Guard {elec, spectral, AC+5}
 48583 | Depths:3 | Identified the +2 cloak of Dithmenos's Reproof {-Cast
                  | Str+4}
 49066 | Depths:4 | Entered Level 4 of the Depths
 49430 | Depths:4 | Found a gate to the Realm of Zot.
 49650 | Depths:4 | Noticed a caustic shrike
 49652 | Depths:4 | Noticed a caustic shrike
 49657 | Depths:4 | Noticed a caustic shrike
 49660 | Depths:4 | Killed a caustic shrike
 49661 | Depths:4 | Noticed a caustic shrike
 49665 | Depths:4 | Killed a caustic shrike
 49665 | Depths:4 | Noticed a caustic shrike
 49667 | Depths:4 | Killed a caustic shrike
 49672 | Depths:4 | Killed a caustic shrike
 49678 | Depths:4 | Killed a caustic shrike
 49679 | Depths:4 | Reached XP level 24. HP: 178/179 MP: 36/36
 49793 | Depths:4 | Found an ornate altar of the Wu Jian Council.
 50057 | Depths:2 | Voluntarily entered the Abyss.
 50617 | Abyss:3  | Found a corrupted altar of Lugonu.
 50665 | Abyss:3  | Found a corrupted altar of Lugonu.
 50708 | Abyss:3  | Got an abyssal rune of Zot
 50732 | Depths:2 | Escaped the Abyss
 50810 | Zot:1    | Entered Level 1 of the Realm of Zot
 50846 | Zot:1    | Reached skill level 19 in Fighting
 51818 | Zot:2    | Noticed an orb of fire
 51837 | Zot:2    | Killed an orb of fire
 52132 | Zot:2    | Noticed a Killer Klown
 52161 | Zot:2    | Killed a Killer Klown
 52373 | Zot:2    | Reached skill level 20 in Fighting
 52717 | Zot:2    | Noticed an orb of fire
 52733 | Zot:2    | Killed an orb of fire
 53912 | Zot:4    | Found a transporter.
 54010 | Zot:4    | Reached XP level 25. HP: 167/189 MP: 35/36
 54424 | Zot:4    | Found the +0 mask of the Dragon {Will+ Slay+3 SInv}
 54499 | Zot:5    | Entered Level 5 of the Realm of Zot
 54499 | Zot:5    | Noticed a Killer Klown
 54516 | Zot:5    | Killed a Killer Klown
 54733 | Zot:5    | Identified the +0 robe "Arutappe" {+Blink rPois rC+}
 55101 | Zot:5    | Noticed an ancient lich
 55112 | Zot:5    | Noticed an orb of fire
 55115 | Zot:5    | Noticed a Killer Klown
 55115 | Zot:5    | Noticed an ancient lich
 55279 | Zot:5    | Noticed an ancient lich
 55315 | Zot:5    | Killed an ancient lich
 55384 | Zot:5    | Noticed an ancient lich
 55481 | Zot:5    | Noticed an orb of fire
 55574 | Zot:4    | Killed an orb of fire
 55613 | Zot:5    | Killed an orb of fire
 55647 | Zot:5    | Noticed an ancient lich
 55656 | Zot:5    | Killed an ancient lich
 55665 | Zot:5    | Killed an ancient lich
 55686 | Zot:5    | Noticed an ancient lich
 55696 | Zot:5    | Killed an ancient lich
 55708 | Zot:5    | Killed an ancient lich
 55708 | Zot:5    | Noticed an ancient lich
 55713 | Zot:5    | Killed an ancient lich
 55752 | Zot:5    | Noticed a Killer Klown
 55870 | Zot:5    | Noticed a dread lich
 55896 | Zot:5    | Killed a dread lich
 55900 | Zot:5    | Killed a Killer Klown
 55986 | Zot:5    | Killed an ancient lich
 56196 | Zot:5    | Noticed an ancient lich
 56201 | Zot:5    | Killed an ancient lich
 56331 | Zot:5    | Noticed a dread lich
 56339 | Zot:5    | Killed a dread lich
 56525 | Zot:5    | Noticed a Killer Klown
 56525 | Zot:5    | Noticed a Killer Klown
 56530 | Zot:5    | a Killer Klown changed into a juggernaut
 56530 | Zot:5    | Noticed a juggernaut
 56552 | Zot:5    | Killed a juggernaut
 56558 | Zot:5    | Killed a Killer Klown
 56590 | Zot:5    | Killed a Killer Klown
 56961 | Zot:5    | Reached skill level 21 in Fighting
 56977 | Zot:5    | Reached XP level 26. HP: 199/199 MP: 35/36
 57218 | Zot:5    | Got the Orb of Zot
 57710 | D:1      | gg
 57711 | D:$      | Escaped with the Orb!

Illustrated notes

..##.......##...≈...####.#
..##.....####.8.≈.8.# #.#
............#..)≈...# #.#
######.######.8.≈.8.# #.#
#####...#####...≈...# #.#
#..........#.8.≈.8.# #.#
#.##...#####...≈...# #.#
#.###.## ###.R.### #.######
#.# #.# ##@#######.##...#
#.#
#.###########............#
#.#
#...................##...###
##.#
#######################.##..
...# #..... #### #..### #..#
# ##.### #....


Turn 57710 on D:1: gg

Levels and vault maps discovered:
D:1:      mainiacjoe_arrival_reflecting_pool, layout_loops_ring,
          minmay_misc_feat_ornament, minmay_gold_behind_fungi,
          nicolae_concentric_dashed_squares_wild, minmay_pentomino_p4
D:2:      layout_rooms, kennysheep_pointless_box, hangedman_decor_push
D:3:      layout_basic, old_standard_altar, nemelex_dance_club_becter,
          ebering_ecumenical_altar_hall, chequers_garden, solitary_fountain,
          kennysheep_minor_cross, kennysheep_small_spiral, columned_hall_lemuel,
          skrybe_limestone_x
D:4:      layout_rooms, serial_shops, nicolae_shop_statue_plus,
          nicolae_shop_hallway_plus, grunt_ministairs_11, uniq_eustachio
D:5:      layout_basic, temple_statues
D:6:      layout_basic, elyvilon_altar_1
D:7:      layout_loops_ring, marbit_many_paths, enter_bailey_5, uniq_pikel
D:8:      layout_cave_pools, nzn_life_drinkers
D:9:      layout_small_grid, nicolae_ashenzari_skybound,
          mainiacjoe_overflow_catch_the_wave, kiku_gazebo_garden_becter,
          grunt_decor_junction, chequers_big_river, minivault_25_ag,
          nicolae_inconvenience_store, kennysheep_generic_room_14,
          uniq_gastronok, uniq_erica, uniq_maggie
D:10:     layout_loops_ring, dpeg_oklobed_lair, kennysheep_another_room
D:11:     layout_cave_pods, hiddenorc1_lemuel, st_stairs_1, grunt_ministairs_6
D:12:     layout_basic, serial_shops, shop, shop, kennysheep_mini,
          nicolae_shop_trees, gauntlet_entry_generic, uniq_lodul
D:13:     cheibrodos_orc_bank, layout_basic, david_vaults_3,
          nicolae_straight_to_the_point
D:14:     layout_long_grid, serial_shops, nicolae_lakefront_shop,
          roderic_roman_lattice, kennysheep_okawaru_gauntlet
D:15:     hangedman_depths_entry_civil_slaughter, layout_rooms,
          nicolae_ru_awakened_eye, portal_ice_cave_entry_pillars_1, uniq_roxanne
Lair:1:   layout_loops_ring, grunt_megastairs_2
Lair:2:   layout_roguey, minmay_swamp_entry_worms, serial_bayou_ford_a,
          serial_bayou_lake_a, uniq_nergalle, uniq_sonja
Lair:3:   layout_chaotic_city, hellmonk_spider_entry_not_the_bees,
          cheibrodos_lair_reptile_den
Lair:4:   nzn_winding_woodlands_large [nzn_winding_woodlands_5x5_default,
          nzn_winding_woodlands_5x15_longhouse,
          nzn_winding_woodlands_5x5_perimeter,
          nzn_winding_woodlands_center_lodge,
          nzn_winding_woodlands_15x15_killbox,
          nzn_winding_woodlands_center_pierced_h,
          nzn_winding_woodlands_5x5_checkerboard,
          nzn_winding_woodlands_5x15_river_crossing,
          nzn_winding_woodlands_5x5_open_star], layout_regular_city,
          minmay_slime_entry_oklob_enclosed
Lair:5:   guppyfry_lair_end_dragon, layout_loops_ring, hangedman_lair_in_review,
          small_statue_intersection
Swamp:1:  layout_basic_swamp, nicolae_swamp_decorative_isthmus, swamp_pool2,
          infiniplex_staircase_pool_2
Swamp:2:  nicolae_swamp_phyte_club, layout_basic_swamp,
          nicolae_swamp_ascending_descending_big,
          nicolae_swamp_oklob_treasure_island, uniq_kirke, uniq_frances
Swamp:3:  layout_basic_swamp, ebering_ghost_rock_garden, serial_swamp_ruin,
          evilmike_swamp_ruin_rubble_2, evilmike_swamp_ruin_house_6, swamp_pool5
Swamp:4:  swamp_old_school, layout_basic_swamp
Spider:1: layout_spider_delve, nicolae_looking_at_the_future
Spider:2: layout_spider_delve
Spider:3: nicolae_spider_hilbert_zone_1 [nicolae_spider_hilbert_4_sides_1_open,
          nicolae_spider_hilbert_4_sides_1_open,
          nicolae_spider_hilbert_4_sides_1_open,
          nicolae_spider_hilbert_4_sides_1_open,
          nicolae_spider_hilbert_3_sides_1_open,
          nicolae_spider_hilbert_3_sides_1_open,
          nicolae_spider_hilbert_3_sides_1_open,
          nicolae_spider_hilbert_3_sides_1_open,
          nicolae_spider_hilbert_3_sides_1_open,
          nicolae_spider_hilbert_6_sides_1_open,
          nicolae_spider_hilbert_6_sides_1_open,
          nicolae_spider_hilbert_3_sides_1_open,
          nicolae_spider_hilbert_3_sides_1_open,
          nicolae_spider_hilbert_3_sides_1_open,
          nicolae_spider_hilbert_3_sides_1_open,
          nicolae_spider_hilbert_2_sides_1_open], drop_trap, uniq_nikola
Spider:4: grunt_spider_rune_parallel, drop_trap
Orc:1:    layout_diamond_mine, abandoned_shop, trog_butcher_becter
Orc:2:    grunt_orc_tribal_feast, layout_caves, maelrawn_ghost_gauntlet_escape,
          serial_shops, shop_coins, uniq_rupert, uniq_josephine
Elf:1:    eino_elf_arrival_customs, layout_geoelf_octagon, minivault_11
Elf:2:    elven_hall_of_blades_hangedman_original
          [nicolae_vaults_blade_armed_guards], layout_onion_city, drop_trap,
          uniq_azrael
Elf:3:    minmay_elf_hall_x, layout_onion_city, serial_shops,
          nicolae_shop_crystal, gammafunk_ghost_berserking_beasts
Vaults:1: nicolae_vaults_little_squares_2, nicolae_vaults_mini_display_case,
          nicolae_vaults_arrows, nicolae_vaults_alarming,
          vaults_mumra_minichess, grunt_vaults_swirl, v_misc_31,
          vaults_dpeg_hooks, st_spiral_rooms, layout_vaults_maze_snakey
Vaults:2: vaults_room_pools, dpeg_vaults_monster_box,
          hangedman_vaults_river_flow, ontoclasm_vaults_eye,
          grunt_vaults_twisty, vaults_room_door_hall, v_misc_1,
          nicolae_vaults_little_squares_6, grunt_vaults_focal,
          vaults_dpeg_emergency_exit, layout_vaults_chaotic_city, serial_shops,
          shop, nicolae_trove_entry_path_of_doom
Vaults:3: hangedman_vaults_nails, nicolae_vaults_circle_grid_b, v_rooms_3,
          minmay_crypt_entry_simple_walls, vaults_dpeg_ring,
          hangedman_vaults_slice, vaults_room_semicircle, v_misc_14,
          v_pattern_4, v_misc_12, vaults_room_semicircle,
          ontoclasm_vaults_decontamination, vaults_room_stairs_pillars,
          vaults_dpeg_diagonal, hangedman_vaults_slice,
          nicolae_vaults_circle_grid_a, nicolae_vaults_little_squares_4,
          layout_vaults_ring
Vaults:4: v_alt_pattern_4, nicolae_vaults_diagonal_hallway_6, serial_ice_b,
          vaults_mumra_chevron_long, nicolae_vaults_specimen_jars,
          nicolae_vaults_little_ls, vaults_dpeg_encased_lava, vaults_room_fours,
          layout_vaults_omnigrid
Crypt:1:  layout_regular_city, infiniplex_enter_wizlab_spiral,
          roderic_lattice_octagonal_star
Crypt:2:  layout_misc_corridors, grunt_megastairs_4
Crypt:3:  evilmike_haunted_forest, uniq_boris, uniq_xtahua
Depths:1: layout_gridlike, pf_hell_entry_tar_river, serial_bayou_pond_e,
          abyss_entry_flame_altar, ebering_ghost_xom, lemuel_nasty_fountain
Depths:2: evilmike_diamond_1, layout_cave_pools, abyss_entry_crystal,
          serial_glass, glass_columns_c, glass_columns_a, grunt_hell_horde,
          rand_demon_pan_entry_1, nrook_pool_corridor, uniq_grunn, uniq_mara
Depths:3: minmay_guarded_unrand_guard, layout_gridlike, enter_ziggurat_d,
          grunt_hell_entry_dis_old, hangedman_decor_clover_reticule,
          marbit_kobold_abyss_entry, pan_entry, serial_sigils,
          serial_sigils_hangedman_confine, serial_sigils_hangedman_snap,
          serial_sigils_hangedman_writhe, serial_sigils_hangedman_shear
Depths:4: grunt_x_marks_the_spot, layout_gridlike,
          pf_vacation_house_of_asmodeus, nzn_wu_jian_contemplation
Zot:1:    layout_misc_corridors
Zot:2:    grunt_zot_stairs_mandelzot, layout_onion_interference
Zot:3:    layout_gridlike
Zot:4:    layout_twisted_circle, chequers_guarded_unrand_mask_of_the_dragon
Zot:5:    layout_misc_corridors

Skill      XL: |  1  2  3  4  5  6  7  8  9 10 11 12 13 14 15 16 17 18 19 20 21 22 23 24 25 |
---------------+----------------------------------------------------------------------------+-----
Axes           | 2 3 |  3.7
Fighting       | 3 5 6 8 10 12 14 15 17 18 20 21 | 21.1
Maces & Flails | 1 |  1.6
Shields        | 2 4 5 6 8 9 11 14 15 17 18 | 18.0
Short Blades   | 3 5 6 8 10 11 12 13 14 | 14.0
Dodging        | 4 6 8 10 11 13 14 15 16 18 | 18.0
Invocations    | 2 7 8 9 11 12 | 12.9
Armour         | 2 6 8 9 11 | 11.0
Evocations     | 1 6 |  6.0
Stealth        | 1 10 11 12 13 14 | 14.0
Spellcasting   | 8 9 |  9.0
Necromancy     | 6 11 | 11.0
Earth Magic    | 5 6 |  6.8
Translocations | 5 |  5.0
Throwing       | |  0.7

Action                   |  1- 3 |  4- 6 |  7- 9 | 10-12 | 13-15 | 16-18 | 19-21 | 22-24 | 25-27 || total
-------------------------+-------+-------+-------+-------+-------+-------+-------+-------+-------++-------
Melee: Hand axe          |   177 |    27 |       |       |       |       |       |       |       ||   204
       Punch             |     3 |     1 |       |       |       |       |       |       |       ||     4
       Flail             |       |   169 |    16 |       |       |       |       |       |       ||   185
       Rapier            |       |       |   241 |   449 |  1049 |  1505 |  1569 |  1701 |   403 ||  6917
Throw: Dart              |       |       |       |       |       |     1 |       |       |     1 ||     2
 Cast: Borgnjor's Vile C |       |       |       |       |       |       |    43 |    40 |    10 ||    93
       Animate Dead      |       |       |       |       |       |       |     1 |       |       ||     1
       Dispel Undead     |       |       |       |       |       |       |    21 |    14 |    23 ||    58
Invok: Ancestor Identity |       |     1 |     1 |       |       |       |       |       |       ||     2
       Recall Ancestor   |       |       |     4 |     6 |    11 |    15 |    15 |     6 |    12 ||    69
       Ancestor Life: He |       |       |     1 |       |       |       |       |       |       ||     1
       Idealise          |       |       |       |     2 |    18 |    13 |     7 |     6 |     7 ||    53
       Transference      |       |       |       |       |       |     1 |     1 |       |     2 ||     4
Evoke: Wand              |       |     1 |     4 |    15 |    13 |     5 |       |    15 |     1 ||    54
       Box of beasts     |       |       |       |     1 |     2 |       |       |       |       ||     3
       Phantom mirror    |       |       |       |       |       |     2 |       |     1 |       ||     3
       Condenser vane    |       |       |       |       |       |       |       |     1 |     1 ||     2
  Use: Scroll            |       |     2 |     8 |     8 |     9 |    11 |     6 |    11 |    11 ||    66
 Stab: Sleeping          |       |       |     7 |     5 |       |    19 |    19 |    22 |     2 ||    74
       Paralysed         |       |       |     4 |       |    25 |    64 |    59 |    66 |     7 ||   225
       Distracted        |       |       |     2 |     6 |    13 |    32 |    24 |    37 |     9 ||   123
       Confused          |       |       |       |    13 |    17 |    34 |    96 |   104 |    20 ||   284
       Petrified         |       |       |       |       |     4 |       |       |       |       ||     4
Armor: Leather armour    |    13 |       |    37 |     9 |     2 |   115 |       |       |       ||   176
       Ring mail         |    81 |    69 |       |       |       |       |       |       |       ||   150
       Scale mail        |       |    79 |    22 |   105 |   314 |    37 |       |       |       ||   557
       Steam dragon scal |       |       |       |     6 |       |       |       |       |       ||     6
       Troll leather arm |       |       |       |       |       |    58 |   219 |   214 |    41 ||   532
       Quicksilver drago |       |       |       |       |       |   114 |    18 |       |       ||   132
Dodge: Dodged            |   119 |   151 |   121 |   240 |   556 |  1121 |   586 |   678 |   145 ||  3717
Block: Buckler           |       |    11 |    83 |   158 |   386 |   557 |   655 |   370 |       ||  2220
       Reflection        |       |       |       |       |       |       |    33 |    10 |     4 ||    47
       Kite shield       |       |       |       |       |       |       |       |   575 |   293 ||   868

Table legend: (Time is in decaauts)
 A = Elapsed time spent in this place.
 B = Non-inter-level travel time spent in this place.
 C = Inter-level travel time spent in this place.
 D = Time resting spent in this place.
 E = Time spent auto-exploring this place.
 F = Levels seen in this place.
 G = Mean time per level.
                   A        B        C        D        E       F      G
               +--------+--------+--------+--------+--------+-----+--------+
         Total |  55641 |  50774 |   4867 |   7772 |  26347 |  56 |  993.6 |
       Dungeon |  14568 |  12523 |   2045 |   1727 |   7064 |  15 |  971.2 |
          Lair |   6546 |   6017 |    529 |   1093 |   3217 |   5 | 1309.2 |
         Swamp |   3987 |   3698 |    289 |    533 |   2012 |   4 |  996.8 |
   Spider Nest |   3568 |   3418 |    150 |    634 |   1379 |   4 |  892.0 |
  Orcish Mines |   1741 |   1335 |    406 |     16 |    878 |   2 |  870.5 |
   Elven Halls |   3481 |   3155 |    326 |    722 |   1253 |   3 | 1160.3 |
        Vaults |   4673 |   4374 |    299 |    287 |   3048 |   4 | 1168.2 |
         Crypt |   3246 |   3079 |    167 |    383 |   1700 |   3 | 1082.0 |
        Depths |   5147 |   4855 |    292 |    882 |   2561 |   4 | 1286.8 |
           Zot |   6083 |   5724 |    359 |   1135 |   2736 |   5 | 1216.6 |
         Abyss |    613 |    613 |      0 |      0 |      0 |   3 |  204.3 |
        Bailey |    370 |    370 |      0 |     57 |    138 |   1 |  370.0 |
      Ice Cave |    754 |    754 |      0 |    172 |     89 |   1 |  754.0 |
        Wizlab |    443 |    443 |      0 |    113 |     54 |   1 |  443.0 |
      Gauntlet |    416 |    416 |      0 |     17 |    216 |   1 |  416.0 |
               +--------+--------+--------+--------+--------+-----+--------+

Top non-repeatable levels by time:
   Zot:5: 2204 daAuts
Depths:2: 1679 daAuts
     D:9: 1558 daAuts
  Lair:5: 1507 daAuts
     D:3: 1505 daAuts
  Lair:4: 1471 daAuts
 Crypt:3: 1448 daAuts
   Elf:3: 1402 daAuts
    D:11: 1381 daAuts
  Lair:3: 1360 daAuts
   Zot:2: 1336 daAuts
Depths:3: 1323 daAuts
Vaults:2: 1310 daAuts
 Swamp:2: 1296 daAuts
   Elf:2: 1279 daAuts
